 Dungeon Crawl Stone Soup version 0.28.0-62-gf88900778d (webtiles) character file.

Game seed: 2338765226343052917

6060 mopl the Quickloader (level 10, -15/90 HPs)
             Began as a Hill Orc Hunter on May 4, 2023.
             Was a Priest of Okawaru.
             Demolished by a stone giant (31 damage)
             ... on level 9 of the Dungeon.
             The game lasted 00:11:38 (8881 turns).

mopl the Quickloader (Hill Orc Hunter)              Turns: 8881, Time: 00:11:39

Health: -15/90     AC:  9    Str: 20    XL:     10   Next: 87%
Magic:  10/16      EV: 19    Int: 11    God:    Okawaru [***...]
Gold:   230        SH:  0    Dex: 11    Spells: 9/9 levels left

rFire   x . .      SeeInvis +   b - +3 long sword (freeze)
rCold   + + +      Faith    .   (no shield)
rNeg    . . .      Spirit   .   M - +4 skin of Zhor {*Englaciate rC+++ SInv}
rPois   .          Reflect  .   l - +1 hat
rElec   .          Harm     .   (no cloak)
rCorr   .          Rampage  .   q - +0 pair of gloves
Will    .....                   (no boots)
Stlth   +++.......              w - amulet of regeneration
HPRegen 1.05/turn               t - +4 ring of evasion
MPRegen 0.15/turn               g - ring of ice

@: heroic, finesse-ful, studying Short Blades
A: no striking features
a: Renounce Religion, Heroism


You were on level 9 of the Dungeon.
You worshipped Okawaru.
Okawaru was most pleased with you.
You visited 2 branches of the dungeon, and saw 10 of its levels.

You collected 425 gold pieces.
You spent 195 gold pieces at shops.

Inventory:

Hand Weapons
 a - a +1 hand crossbow
 b - a +3 long sword of freezing (weapon)
 i - a +0 battleaxe
 E - a +0 hand axe
 I - a +3 dagger
 K - a +4 scimitar
 L - a +1 war axe
 N - a +5 trident
Missiles
 d - 54 bolts
 e - 5 boomerangs (quivered)
 x - 6 poisoned darts
Armour
 l - a +1 hat (worn)
 q - a +0 pair of gloves (worn)
 M - the +4 skin of Zhor (worn) {*Englaciate rC+++ SInv}
   (You found it on level 7 of the Dungeon)

   It radiates cold, occasionally slowing all nearby creatures who are not
   resistant to cold.
   rC:        It renders you almost immune to cold.
   SInv:      It lets you see invisible.
Jewellery
 g - a ring of ice (right hand)
 m - a ring of flight
 t - a +4 ring of evasion (left hand)
 w - an amulet of regeneration (around neck)
Wands
 v - a wand of iceblast (11)
Scrolls
 j - a scroll of noise {unknown}
 o - 2 scrolls of teleportation {unknown}
 p - 2 scrolls of holy word
 r - a scroll of blinking {unknown}
 s - 3 scrolls of enchant weapon {unknown}
 u - a scroll of torment {unknown}
 y - 2 scrolls of magic mapping {unknown}
 C - 4 scrolls of identify {unknown}
 D - 3 scrolls of amnesia {unknown}
 G - a scroll of summoning {unknown}
 J - a scroll of enchant armour {unknown}
Potions
 c - a potion of degeneration {unknown}
 f - 3 potions of curing
 h - a potion of mutation {unknown}
 k - a potion of flight {unknown}
 n - 2 potions of attraction {unknown}
 z - 4 potions of lignification {unknown}
 A - a potion of heal wounds
 B - 2 potions of brilliance {unknown}
 F - a potion of haste
 H - 2 potions of berserk rage {unknown}


   Skills:
 + Level 8.9(13.9) Fighting
 * Level 10.0(15.0) Crossbows
 + Level 7.6(12.6) Armour
 + Level 3.4(8.4) Dodging
 - Level 0.7(5.7) Stealth
 + Level 8.0 Invocations


You had 9 spell levels left.
You didn't know any spells.
Your spell library contained the following spells:

 Spells                   Type           Power      Damage    Failure   Level
 Apportation              Tloc           0%         N/A       34%         1
 Shock                    Conj/Air       0%         1d3       34%         1
 Corpse Rot               Necr/Air       0%         N/A       47%         2
 Poisonous Vapours        Pois/Air       0%         N/A       47%         2
 Static Discharge         Conj/Air       0%         N/A       47%         2
 Conjure Flame            Conj/Fire      0%         6-21      71%         3
 Ignite Poison            Fire/Tmut/Pois 0%         N/A       71%         3
 Swiftness                Air            0%         N/A       71%         3
 Airstrike                Air            0%         N/A       98%         4
 Dispel Undead            Necr           0%         3d6       98%         4
 Passage of Golubria      Tloc           0%         N/A       98%         4
 Sticky Flame             Conj/Fire      0%         2d3       98%         4
 Yara's Violent Unravell  Hex/Tmut       0%         3d3       100%        5
 Animate Skeleton         Necr           Unusable   N/A       N/A         1
 Summon Small Mammal      Summ           Unusable   N/A       N/A         1
 Tukima's Dance           Hex            Unusable   N/A       N/A         3

Dungeon Overview and Level Annotations

Branches:
Dungeon (9/15)             Temple (1/1) D:4
   Lair: D:8-11         Orc: D:9-12

Altars:
Ashenzari
Cheibriados
Dithmenos
Elyvilon
Fedhas
Gozag
Hepliaklqana
Kikubaaqudgha
Makhleb
Nemelex Xobeh
Okawaru
Qazlal
Ru
Sif Muna
Trog
Uskayaw
Vehumet
Wu Jian
Xom
Yredelemnul
Zin
The Shining One

Shops:
D:4 !:   D:5 *

Annotations:
D:3 3 runed translucent doors, Quercus's ghost, amateur DEIE


Message History

The stone giant is moderately wounded.
The stone giant hits you.
You hit the stone giant but do no damage.
The stone giant is moderately wounded.
You radiate an aura of cold.
The stone giant resists.
The hornet seems to slow down.
You hit the stone giant. You freeze the stone giant.
The stone giant is moderately wounded.
The stone giant hits you.
You hit the stone giant. You freeze the stone giant.
The stone giant is moderately wounded.
A centaur warrior comes into view.
The stone giant hits you but does no damage.
You gain the combat prowess of a mighty hero.
You can no longer speed up your combat.
The stone giant closely misses you.
You hit the stone giant but do no damage.
You punch the stone giant.
The stone giant is moderately wounded.
You radiate an aura of cold.
The stone giant resists.
The hornet seems to slow down.
The centaur warrior seems to slow down.
A killer bee comes into view.
The killer bee buzzes angrily.
You hit the stone giant. You freeze the stone giant.
The stone giant is heavily wounded.
You hear a shout!
You hear a howl!
The stone giant hits you!
You hit the stone giant. You freeze the stone giant.
The stone giant is heavily wounded.
You hit the stone giant but do no damage.
The stone giant is heavily wounded.
The stone giant hits you!!
* * * LOW HITPOINT WARNING * * *
An orc wizard comes into view. It is wielding a +0 dagger.
You hit the stone giant. You freeze the stone giant.
The stone giant is heavily wounded.
You hit the stone giant. You freeze the stone giant. You punch the stone giant.
The stone giant is severely wounded.
The stone giant hits you!!
You die...

#..#..#..#[# #.#.#...#...
#..#.##..#.## #.#))#######
##..#.##..#..## #.#....#
#.............#####......#
##.###..................###
#..(÷..########.#########
###..##..#...♣.......♣...#
.....#...#.♣.♣.♣.♣.♣(♣.♣.#
####.....#.♣.♣.♣@♣.♣.♣.♣.#
#.....#♣♣.♣.♣C♣y♣.♣.♣♣#
#.....# ♣...♣yc.♣...♣
####### ######)###### ♣o♣
.♣. C# #. .h .. .. H.


You could see a stone giant, a centaur warrior (slow), a hornet (slow) and an
orc wizard.

Vanquished Creatures
  A hydra (D:8)
  A two-headed ogre (D:9)
  3 rime drakes (D:7)
  A komodo dragon (D:9)
  A troll (D:9)
  Grinder (D:3)
  2 yaks
  2 wyverns
  A steam dragon (D:8)
  A water moccasin (D:8)
  An orc warrior (D:8)
  An ogre (D:4)
  A sky beast (D:8)
  A centaur (D:5)
  3 phantoms
  A scorpion (D:5)
  3 bullfrogs (D:8)
  A water moccasin skeleton (D:5)
  A killer bee (D:9)
  12 wights
  3 howler monkeys (D:7)
  A bullfrog zombie (D:7)
  4 centaur zombies
  3 hounds
  A gnoll shaman (D:9)
  3 bullfrog skeletons
  4 iguanas
  2 orc priests
  2 centaur skeletons (D:5)
  A scorpion zombie (D:5)
  Natasha (thrice) (D:3)
  4 orc wizards
  A killer bee zombie (D:7)
  A hound zombie (D:5)
  2 howler monkey zombies
  6 adders
  5 gnolls (D:9)
  A white imp (D:5)
  An ufetubus (D:7)
  A worm (D:3)
  A dart slug (D:4)
  14 orcs
  8 ball pythons
  4 endoplasms
  4 giant cockroaches
  17 goblins
  7 hobgoblins
  8 jackals
  4 quokkas
  3 bats (D:1)
  A frilled lizard (D:3)
  11 kobolds
  A quokka skeleton (D:3)
  A rat (D:1)
172 creatures vanquished.

Vanquished Creatures (others)
  17 plants (D:9)
17 creatures vanquished.

Grand Total: 189 creatures vanquished

Notes
Turn   | Place    | Note
-------+----------+-------------------------------------------
     0 | D:1      | mopl the Hill Orc Hunter began the quest for the Orb.
     0 | D:1      | Reached XP level 1. HP: 18/18 MP: 1/1
    77 | D:1      | Reached XP level 2. HP: 5/25 MP: 2/2
   444 | D:1      | Found a faded altar of an unknown god.
   472 | D:1      | Reached skill level 4 in Crossbows
   472 | D:1      | Reached skill level 1 in Armour
   714 | D:1      | Reached XP level 3. HP: 28/30 MP: 3/3
   898 | D:2      | Reached skill level 3 in Fighting
   934 | D:2      | Found an ancient bone altar of Kikubaaqudgha.
  1336 | D:2      | Reached XP level 4. HP: 38/38 MP: 4/4
  2498 | D:3      | Reached skill level 2 in Armour
  2575 | D:3      | Noticed Natasha
  2582 | D:3      | Killed Natasha
  2583 | D:3      | Reached XP level 5. HP: 34/46 MP: 5/5
  2643 | D:3      | Noticed Grinder
  2646 | D:3      | Paralysed by Grinder for 2 turns
  2660 | D:3      | Killed Grinder
  2661 | D:3      | Reached skill level 4 in Fighting
  2661 | D:3      | Reached skill level 5 in Crossbows
  2661 | D:3      | Reached skill level 3 in Armour
  2661 | D:3      | Reached XP level 6. HP: 29/53 MP: 6/6
  2803 | D:3      | Found a runed translucent gate.
  2803 | D:3      | Found a runed translucent gate.
  2803 | D:3      | Found a runed translucent gate.
  2803 | D:3      | Noticed Quercus's ghost (amateur DEIE)
  3403 | D:3      | Noticed Natasha
  3418 | D:3      | Killed Natasha
  3453 | D:3      | Noticed Natasha
  3466 | D:3      | Killed Natasha
  4002 | D:3      | Found a runed translucent gate.
  4002 | D:3      | Found a runed translucent gate.
  4002 | D:3      | Found a runed translucent gate.
  4042 | D:4      | Found a staircase to the Ecumenical Temple.
  4054 | Temple   | Entered the Ecumenical Temple
  4109 | Temple   | Became a worshipper of Warmaster Okawaru
  4194 | D:4      | Found a shimmering blue altar of Sif Muna.
  4241 | D:4      | Found Bineulec's Self-Improvement Boutique.
  4307 | D:3      | Reached skill level 1 in Invocations
  4307 | D:3      | Reached XP level 7. HP: 19/60 MP: 7/7
  4362 | D:3      | Reached skill level 6 in Crossbows
  4465 | D:4      | Found Duezudih's Distillery.
  4473 | D:4      | Bought a potion of curing for 39 gold pieces
  4473 | D:4      | Bought a potion of heal wounds for 65 gold pieces
  4512 | D:4      | Found a sparkling altar of Nemelex Xobeh.
  4553 | D:4      | Reached skill level 5 in Fighting
  4625 | D:4      | Reached skill level 2 in Invocations
  4927 | D:5      | Entered Level 5 of the Dungeon
  5007 | D:5      | Reached skill level 4 in Armour
  5139 | D:5      | Reached * piety under Okawaru
  5333 | D:5      | Reached skill level 3 in Invocations
  5333 | D:5      | Reached XP level 8. HP: 32/69 MP: 10/10
  5432 | D:5      | Found Zoighoge's Assorted Antiques.
  5444 | D:5      | Bought a fizzy grey potion for 29 gold pieces
  5444 | D:5      | Bought a fizzy grey potion for 29 gold pieces
  5444 | D:5      | Bought a scroll labelled SUSIURCH QAIFIY for 33 gold pieces
  5705 | D:5      | Reached skill level 7 in Crossbows
  5760 | D:5      | Noticed a yak
  5779 | D:5      | Killed a yak
  5780 | D:5      | Reached skill level 6 in Fighting
  5780 | D:5      | Reached skill level 4 in Invocations
  5884 | D:5      | Reached skill level 5 in Armour
  6846 | D:7      | Reached ** piety under Okawaru
  7036 | D:7      | Found the +4 skin of Zhor {*Englaciate rC+++ SInv}
  7046 | D:7      | Noticed a rime drake
  7049 | D:7      | Noticed a rime drake
  7050 | D:7      | Noticed a rime drake
  7059 | D:7      | Reached XP level 9. HP: 77/78 MP: 12/12
  7078 | D:7      | Reached skill level 5 in Invocations
  7352 | D:7      | Reached skill level 8 in Crossbows
  7396 | D:7      | Found a shimmering altar of Xom.
  7397 | D:7      | Found a hide-covered altar of Uskayaw.
  7468 | D:7      | Found a glowing silver altar of Zin.
  7469 | D:7      | Found an ornate altar of the Wu Jian Council.
  7594 | D:7      | Reached skill level 7 in Fighting
  7734 | D:7      | Killed a rime drake
  7735 | D:7      | Reached skill level 6 in Armour
  7738 | D:7      | Killed a rime drake
  7739 | D:7      | Reached skill level 6 in Invocations
  7776 | D:7      | Killed a rime drake
  7931 | D:8      | Reached skill level 9 in Crossbows
  7963 | D:8      | Reached skill level 2 in Dodging
  7991 | D:8      | Reached XP level 10. HP: 81/88 MP: 13/15
  8060 | D:8      | Reached *** piety under Okawaru
  8068 | D:8      | Reached skill level 8 in Fighting
  8101 | D:8      | Noticed a seven-headed hydra
  8120 | D:8      | Killed a nine-headed hydra
  8121 | D:8      | Reached skill level 7 in Armour
  8121 | D:8      | Reached skill level 7 in Invocations
  8466 | D:9      | Found a basalt altar of Yredelemnul.
  8534 | D:9      | Reached skill level 3 in Dodging
  8671 | D:9      | Found a sacrificial altar of Ru.
  8684 | D:9      | Reached **** piety under Okawaru
  8841 | D:9      | Noticed a two-headed ogre
  8856 | D:9      | Killed a two-headed ogre
  8856 | D:9      | Received a gift from Okawaru
  8857 | D:9      | Reached skill level 10 in Crossbows
  8857 | D:9      | Reached skill level 8 in Invocations
  8859 | D:9      | Noticed a stone giant
  8867 | D:9      | Noticed a manticore
  8874 | D:9      | Noticed a centaur warrior
  8881 | D:9      | Demolished by a stone giant

Illustrated notes

Levels and vault maps discovered:
D:1:      mrwooster_arrival_statue, layout_basic,
          hellmonk_ecumenical_altar_prayer_group
D:2:      layout_basic, basic_altar
D:3:      layout_basic, ebering_ghost_rock_garden, uniq_grinder, uniq_natasha
D:4:      layout_basic, mainiacjoe_overflow_boulevard, amcnicky_altar_gilded,
          minmay_temple_entry_glassed_door, serial_shops,
          nicolae_shop_waterfront, palyth_stone_intersect,
          nicolae_shop_self_help
D:5:      layout_cave_pods, serial_shops, nicolae_shop_crystal,
          minmay_manual_mess
D:6:      layout_gridville
D:7:      layout_loops_corners, nicolae_overflow_hidden_temple,
          hellmonk_guarded_unrand_zhor
D:8:      layout_rooms
D:9:      nzn_winding_woodlands_cross [nzn_winding_woodlands_5x15_sidewinder,
          nzn_winding_woodlands_5x15_jagged, nzn_winding_woodlands_5x15_pool,
          nzn_winding_woodlands_5x15_split_checker,
          nzn_winding_woodlands_15x15_five_gardens], layout_loops_cross,
          nicolae_ru_great_annihilating_truth, lemuel_zombie_altar_yredelemnul,
          serial_shops, kennysheep_mini_moat, minivault_23,
          grunt_decor_arrowhead
Temple:   jpeg_temple_clearing

Skill      XL: |  1  2  3  4  5  6  7  8  9 10 |
---------------+-------------------------------+-----
Crossbows      | 4 5 6 7 9 10 | 10.0
Armour         | 1 2 3 4 5 6 7 |  7.6
Fighting       | 3 4 5 6 7 8 |  8.9
Invocations    | 1 3 4 6 8 |  8.0
Dodging        | 2 3 |  3.4
Stealth        | |  0.7

Action                   |  1- 3 |  4- 6 |  7- 9 | 10-12 || total
-------------------------+-------+-------+-------+-------++-------
Melee: Short sword       |    22 |       |       |       ||    22
       Punch             |     2 |     1 |    14 |     4 ||    21
       Dagger            |    97 |   245 |   397 |       ||   739
       Long sword        |       |       |   153 |   154 ||   307
 Fire: Hand crossbow     |       |       |     2 |       ||     2
Throw: Boomerang         |       |       |     8 |     4 ||    12
Invok: Heroism           |       |       |     9 |     5 ||    14
       Finesse           |       |       |       |     1 ||     1
Evoke: Wand              |       |       |       |     6 ||     6
  Use: Scroll            |       |     1 |       |       ||     1
 Stab: Paralysed         |       |       |       |     2 ||     2
Armor: Leather armour    |    15 |       |       |       ||    15
       Ring mail         |    28 |    82 |   187 |       ||   297
       Animal skin       |       |       |     6 |    37 ||    43
Dodge: Dodged            |    71 |   197 |   472 |   147 ||   887
